 Dungeon Crawl Stone Soup version 0.29-a0-330-g52719c12eb (webtiles) character file.

Game seed: 2524655239747541411

4141 Gwenloh the Basher (level 10, -6/90 HPs)
             Began as a Gnoll Chaos Knight on Apr 13, 2022.
             Was a Plaything of Xom.
             Mangled by a two-headed ogre
             ... wielding a +0 great mace
              (18 damage)
             ... on level 8 of the Dungeon.
             The game lasted 00:30:16 (7170 turns).

Gwenloh the Basher (Gnoll Chaos Knight)             Turns: 7170, Time: 00:30:18

Health: -6/90      AC: 20    Str: 13    XL:     10   Next: 27%
Magic:  17/17      EV:  8    Int: 17    God:    Xom [.....*]
Gold:   114        SH:  0    Dex: 17    Spells: 19/19 levels left

rFire   + . .      SeeInvis .   a - +0 dagger (vamp)
rCold   . . .      Faith    .   (no shield)
rNeg    . . .      Spirit   .   v - +2 chain mail {rF+}
rPois   .          Reflect  .   (no helmet)
rElec   .          Harm     .   (no cloak)
rCorr   .          Rampage  .   (no gloves)
Will    .....                   I - +1 pair of boots {Stlth+}
Stlth   ++........              p - amulet of regeneration
HPRegen 1.85/turn               k - +6 ring of intelligence
MPRegen 0.15/turn               d - +4 ring of slaying

@: no status effects
A: fangs 1, strong nose, distributed training, iridescent scales 3, camouflage
1, regeneration 1, robust 1, strong 1, MP-powered wands
a: Renounce Religion


You were on level 8 of the Dungeon.
You worshipped Xom.
You were Xom's teddy bear.
You visited 1 branch of the dungeon, and saw 8 of its levels.
You also visited: Ossuary.

You collected 372 gold pieces.
You spent 258 gold pieces at shops.

Inventory:

Hand Weapons
 a - a +0 vampiric dagger (weapon)
 b - a +5 hand crossbow
 l - a +0 mace of chaos
 Q - a +4 battleaxe
Missiles
 n - 272 stones
 q - a boomerang
 u - 16 poisoned darts (quivered)
Armour
 v - a +2 chain mail of fire resistance (worn)
 I - a +1 pair of boots of stealth (worn)
Magical Staves
 g - a staff of air
 K - a staff of death
Jewellery
 d - a +4 ring of slaying (right hand)
 k - a +6 ring of intelligence (left hand)
 m - a ring of positive energy
 p - an amulet of regeneration (around neck)
 t - an amulet of reflection
 y - a ring of resist corrosion
Wands
 i - a wand of charming (5)
 z - a wand of polymorph (10)
 R - a wand of digging (5)
Scrolls
 e - a scroll of enchant armour
 f - 2 scrolls of summoning
 o - 2 scrolls of magic mapping
 r - 4 scrolls of vulnerability
 w - 3 scrolls of teleportation
 x - a scroll of holy word
 A - a scroll of amnesia
 D - a scroll of fog
 L - 2 scrolls of immolation
 O - 3 scrolls of identify
 P - a scroll of fear {unknown}
Potions
 h - 4 potions of mutation
 j - a potion of might
 s - a potion of berserk rage
 B - 2 potions of brilliance
 C - a potion of magic
 E - a potion of attraction
 F - 5 potions of curing
 G - 3 potions of invisibility {unknown}
 H - a potion of flight {unknown}
 J - a potion of haste {unknown}
 M - a potion of cancellation {unknown}
 N - 3 potions of heal wounds
Miscellaneous
 c - a piece from Xom's chessboard (inert)


   Skills:
 + Level 8.4 Fighting
 + Level 5.1 Short Blades
 + Level 5.1 Long Blades
 + Level 5.1 Axes
 + Level 8.4 Maces & Flails
 + Level 5.1 Polearms
 + Level 5.1 Staves
 + Level 5.1 Slings
 + Level 5.1 Bows
 + Level 5.1 Crossbows
 + Level 5.1 Throwing
 + Level 6.9 Armour
 + Level 5.8 Dodging
 + Level 5.1 Stealth
 + Level 5.1 Shields
 + Level 5.1 Unarmed Combat
 + Level 5.1 Spellcasting
 + Level 4.2 Conjurations
 + Level 4.2 Hexes
 + Level 4.2 Summonings
 + Level 4.2 Necromancy
 + Level 4.2 Translocations
 + Level 4.2 Transmutations
 + Level 4.2 Fire Magic
 + Level 4.2 Ice Magic
 + Level 4.2 Air Magic
 + Level 4.2 Earth Magic
 + Level 4.2 Poison Magic
 + Level 5.6 Invocations
 + Level 5.1 Evocations


You had 19 spell levels left.
You didn't know any spells.
Your spell library contained the following spells:

 Spells                   Type           Power      Damage    Failure   Level
 Animate Skeleton         Necr           36%        N/A       47%         1
 Apportation              Tloc           36%        N/A       47%         1
 Freeze                   Ice            72%        1d9       47%         1
 Sandblast                Erth           36%        2d10      47%         1
 Slow                     Hex            72%        N/A       47%         1
 Summon Small Mammal      Summ           72%        N/A       47%         1
 Confusing Touch          Hex            18%        N/A       85%         3
 Conjure Flame            Conj/Fire      18%        6-21      85%         3
 Frozen Ramparts          Ice            36%        1d5       85%         3
 Vampiric Draining        Necr           18%        2d7       85%         3
 Hailstorm                Conj/Ice       18%        3d6       99%         4
 Freezing Cloud           Conj/Ice/Air   9%         6-21      100%        5
 Iskenderun's Battlesphe  Conj           18%        2d7       100%        5
 Iron Shot                Conj/Erth      9%         9d3       100%        6
 Spellforged Servitor     Conj/Summ      9%         N/A       100%        7


Dungeon Overview and Level Annotations

Branches:
Dungeon (8/15)             Temple (0/1) D:5         Ossuary (visited)
   Lair: D:8-11

Altars:
Trog

Shops:
D:5 [   D:7 !

Annotations:
D:7 2 transporters, Ajdolov's ghost, novice OgCA


Innate Abilities, Weirdness & Mutations

You have very sharp teeth.
Your uncanny sense of smell can sniff out nearby items.
Your experience applies equally to all skills.
You are completely covered in iridescent scales. (AC +6)
Your skin changes colour to match your surroundings (Stealth+).
Your natural rate of healing is unusually fast.
You are robust. (+10% HP)
Your muscles are strong. (Str +2)
You expend magic power (3 MP) to strengthen your wands.


Message History

The steam dragon hisses angrily.
You hit the two-headed ogre.
You feel better.
The two-headed ogre is heavily wounded.
The two-headed ogre hits you but does no damage.
The two-headed ogre barely misses you.
You puncture the two-headed ogre! You bite the two-headed ogre.
The two-headed ogre is severely wounded.
The killer bee buzzes angrily.
You hit the two-headed ogre.
You feel better.
The two-headed ogre is severely wounded.
The two-headed ogre hits you with a +0 great mace!!
The two-headed ogre hits you but does no damage.
You completely miss the two-headed ogre.
You bite the two-headed ogre, but do no damage.
The two-headed ogre is severely wounded.
You barely miss the two-headed ogre.
The two-headed ogre is severely wounded.
The two-headed ogre hits you with a +0 great mace.
The two-headed ogre hits you with a +0 giant club!!
You hit the two-headed ogre but do no damage.
You bite the two-headed ogre.
The two-headed ogre is severely wounded.
You hit the two-headed ogre but do no damage.
The two-headed ogre is severely wounded.
The two-headed ogre hits you with a +0 great mace!
The two-headed ogre hits you with a +0 giant club!
You hit the two-headed ogre.
You feel better.
Your bite misses the two-headed ogre.
The two-headed ogre is severely wounded.
Xom's power touches on a nearby monster.
The steam dragon evaporates and reforms as a boggart!
You hit the two-headed ogre.
You feel better.
Your bite misses the two-headed ogre.
The two-headed ogre is almost dead.
The boggart casts a spell.
The two-headed ogre hits you with a +0 great mace!!
* * * LOW HITPOINT WARNING * * *
The two-headed ogre hits you with a +0 giant club!!
You die...
Xom giggles madly!

#.#.#####'#.......######.
#...##....######### ##
#..###.88.###†...## #..#
#.88.#..####.#
###..###..).†..# #.#
#[.....######### #.#
#^#..### ##....####.#
#.#..# #.####..†.##
#.#..# #@# ######
#....#####O# .##y$#
#.#......#g##..##[)#
#.#########y.# .### #.#
#o.# . #.# #### #### #.#
#.# #.# #.# #.## #.#


You could see a two-headed ogre, a boggart, a killer bee and an orc (summoned,
wandering).

Vanquished Creatures
  A two-headed ogre (D:8)
  A blink frog (D:4)
  Grinder (D:6)
  A shadow (D:5)
  2 steam dragons (D:8)
  An acid dragon (D:7)
  An ice beast (D:6)
  A black bear (D:6)
  A centaur (D:4)
  2 phantoms
  A bullfrog (D:8)
  A kobold brigand (D:8)
  A gnoll sergeant (D:7)
  12 scorpions
  4 wights (D:8)
  4 howler monkeys (D:8)
  A centaur zombie (Ossuary)
  A human zombie (Ossuary)
  3 hounds
  An orc priest (D:8)
  A jelly (D:6)
  3 iguanas
  Ijyb (D:4)
  5 orc wizards
  2 scorpion zombies (Ossuary)
  3 mummies (Ossuary)
  3 gnolls (D:7)
  A river rat (D:8)
  5 adders
  3 shadow imps
  4 white imps
  An ufetubus (D:6)
  4 worms
  A dart slug (D:2)
  6 orcs
  3 ball pythons
  10 endoplasms
  5 giant cockroaches
  2 gnoll zombies (Ossuary)
  5 goblins
  7 hobgoblins
  6 jackals
  2 quokkas
  4 bats
  A frilled lizard (D:2)
  2 hobgoblin zombies (Ossuary)
  13 kobolds
  2 kobold zombies (Ossuary)
  5 orc zombies (Ossuary)
  4 rats
155 creatures vanquished.

Vanquished Creatures (collateral kills)
  An ogre (D:4)
  2 scorpions (Ossuary)
  A scorpion zombie (Ossuary)
  2 orc wizards (D:4)
  2 orcs (D:4)
  4 jackals (D:4)
  2 hobgoblin zombies (Ossuary)
14 creatures vanquished.

Vanquished Creatures (others)
  5 plants (D:6)
5 creatures vanquished.

Grand Total: 174 creatures vanquished

Notes
Turn   | Place    | Note
-------+----------+-------------------------------------------
     0 | D:1      | Gwenloh the Gnoll Chaos Knight began the quest for the Orb.
     0 | D:1      | Reached XP level 1. HP: 23/23 MP: 1/1
    28 | D:1      | Found a faded altar of an unknown god.
    63 | D:1      | Reached XP level 2. HP: 25/29 MP: 2/2
   454 | D:1      | XOM: divination: detect creatures
   582 | D:1      | Reached XP level 3. HP: 28/35 MP: 3/3
   641 | D:1      | XOM: silly message
  1245 | D:2      | Reached skill level 1 in Invocations
  1263 | D:2      | Got the Guide on Conjuration and Earth
  1454 | D:2      | Reached skill level 1 in Short Blades
  1454 | D:2      | Reached skill level 1 in Long Blades
  1454 | D:2      | Reached skill level 1 in Axes
  1454 | D:2      | Reached skill level 1 in Polearms
  1454 | D:2      | Reached skill level 1 in Staves
  1454 | D:2      | Reached skill level 1 in Slings
  1454 | D:2      | Reached skill level 1 in Bows
  1454 | D:2      | Reached skill level 1 in Crossbows
  1454 | D:2      | Reached skill level 1 in Throwing
  1454 | D:2      | Reached skill level 1 in Stealth
  1454 | D:2      | Reached skill level 1 in Shields
  1454 | D:2      | Reached skill level 1 in Unarmed Combat
  1454 | D:2      | Reached skill level 1 in Spellcasting
  1454 | D:2      | Reached skill level 1 in Evocations
  1530 | D:2      | Reached XP level 4. HP: 41/41 MP: 5/5
  1673 | D:3      | XOM: 4-stop teleportation journey
  1890 | D:3      | Reached skill level 1 in Conjurations
  1890 | D:3      | Reached skill level 1 in Hexes
  1890 | D:3      | Reached skill level 1 in Summonings
  1890 | D:3      | Reached skill level 1 in Necromancy
  1890 | D:3      | Reached skill level 1 in Translocations
  1890 | D:3      | Reached skill level 1 in Transmutations
  1890 | D:3      | Reached skill level 1 in Fire Magic
  1890 | D:3      | Reached skill level 1 in Ice Magic
  1890 | D:3      | Reached skill level 1 in Air Magic
  1890 | D:3      | Reached skill level 1 in Earth Magic
  1890 | D:3      | Reached skill level 1 in Poison Magic
  2163 | D:3      | XOM is BORED!
  2163 | D:3      | XOM: give mutation
  2163 | D:3      | Gained mutation: You occasionally shout uncontrollably at
                  | your foes. [Xom's mischief]
  2590 | D:4      | Reached XP level 5. HP: 37/47 MP: 5/7
  2633 | D:4      | Noticed Ijyb
  2656 | D:4      | Lost mutation: You occasionally shout uncontrollably at
                  | your foes. [potion of mutation]
  2656 | D:4      | Gained mutation: You are partially covered in iridescent
                  | scales. (AC +2) [potion of mutation]
  2679 | D:4      | Killed Ijyb
  2756 | D:4      | Noticed an ogre
  2766 | D:4      | XOM: god gift: +5 hand crossbow
  2775 | D:4      | Killed an ogre
  2776 | D:4      | Reached skill level 5 in Armour
  2776 | D:4      | Reached XP level 6. HP: 39/53 MP: 8/8
  3029 | D:4      | Noticed a blink frog
  3029 | D:4      | an ogre changed into a blink frog
  3029 | D:4      | XOM: polymorph ogre -> blink frog
  3059 | D:4      | XOM: scenery: summon butterflies
  3085 | D:4      | Killed a blink frog
  3086 | D:4      | Reached XP level 7. HP: 51/60 MP: 10/10
  3208 | D:4      | XOM: polymorph scorpion -> centaur
  3414 | D:5      | Entered Level 5 of the Dungeon
  3491 | D:5      | Noticed a shadow
  3493 | D:5      | Killed a shadow
  3494 | D:5      | Reached XP level 8. HP: 67/67 MP: 10/12
  3733 | D:5      | Found a sand-covered staircase.
  3737 | Ossuary  | Entered an ossuary
  3922 | Ossuary  | XOM: confuse monster(s)
  4036 | Ossuary  | XOM: enchant monster (good)
  4042 | Ossuary  | XOM: divination: detect creatures
  4048 | Ossuary  | XOM: cleaving
  4050 | Ossuary  | XOM: summons 8 friendly demons
  4069 | Ossuary  | Reached XP level 9. HP: 71/72 MP: 14/14
  4388 | D:5      | Found Nam Cuh's Armour Shop.
  4512 | D:5      | Found a staircase to the Ecumenical Temple.
  4774 | D:5      | Bought a +1 pair of boots of stealth for 198 gold pieces
  4778 | D:5      | XOM: give mutations
  4778 | D:5      | Gained mutation: You have sharp fingernails. [Xom's grace]
  4778 | D:5      | Gained mutation: You are mostly covered in iridescent
                  | scales. (AC +4) [Xom's grace]
  4778 | D:5      | Gained mutation: You are robust. (+10% HP) [Xom's grace]
  4778 | D:5      | Gained mutation: Your muscles are strong. (Str +2) [Xom's
                  | grace]
  4873 | D:6      | XOM: scenery: 1 doors close
  5094 | D:6      | Found a bloodstained altar of Trog.
  5164 | D:6      | Noticed a troll
  5164 | D:6      | XOM: 2-stop teleportation journey
  5179 | D:6      | HP: 4/81 [troll (10)]
  5304 | D:6      | Noticed Grinder
  5318 | D:6      | Killed Grinder
  5319 | D:6      | Reached skill level 5 in Dodging
  5485 | D:6      | XOM: summons 3 hostile shadow creatures
  5566 | D:6      | XOM: noise
  5836 | D:7      | Found Luronim's Distillery.
  5839 | D:7      | Bought a potion of heal wounds for 60 gold pieces
  5896 | D:7      | XOM: polymorph ice beast -> acid dragon
  6006 | D:7      | XOM: give mutations
  6006 | D:7      | Gained mutation: Your muscles are very strong. (Str +4)
                  | [Xom's mischief]
  6006 | D:7      | Lost mutation: You have sharp fingernails. [Xom's mischief]
  6006 | D:7      | Lost mutation: Your muscles are very strong. (Str +4)
                  | [Xom's mischief]
  6085 | D:7      | Noticed a four-headed hydra
  6095 | D:7      | Found a transporter.
  6096 | D:7      | Noticed Ajdolov's ghost (novice OgCA)
  6113 | D:7      | Noticed a moth of wrath
  6123 | D:7      | Found a transporter.
  6317 | D:8      | XOM: noise
  6348 | D:8      | XOM: confuse monster(s)
  6355 | D:8      | XOM: blink monster(s)
  6361 | D:8      | Reached skill level 5 in Invocations
  6366 | D:8      | XOM: fog
  6631 | D:8      | XOM: god gift: book of Power
  6698 | D:8      | Reached XP level 10. HP: 88/88 MP: 17/17
  6701 | D:8      | XOM: polymorph howler monkey -> river rat
  6774 | D:8      | Noticed a two-headed ogre
  6828 | D:8      | XOM: confuse monster(s)
  6840 | D:8      | Killed a two-headed ogre
  6841 | D:8      | Reached skill level 5 in Short Blades
  6841 | D:8      | Reached skill level 5 in Long Blades
  6841 | D:8      | Reached skill level 5 in Axes
  6841 | D:8      | Reached skill level 5 in Polearms
  6841 | D:8      | Reached skill level 5 in Staves
  6841 | D:8      | Reached skill level 5 in Slings
  6841 | D:8      | Reached skill level 5 in Bows
  6841 | D:8      | Reached skill level 5 in Crossbows
  6841 | D:8      | Reached skill level 5 in Throwing
  6841 | D:8      | Reached skill level 5 in Stealth
  6841 | D:8      | Reached skill level 5 in Shields
  6841 | D:8      | Reached skill level 5 in Unarmed Combat
  6841 | D:8      | Reached skill level 5 in Spellcasting
  6841 | D:8      | Reached skill level 5 in Evocations
  6908 | D:8      | XOM: give mutations
  6908 | D:8      | Gained mutation: Your natural rate of healing is unusually
                  | fast. [Xom's grace]
  6908 | D:8      | Gained mutation: You are completely covered in iridescent
                  | scales. (AC +6) [Xom's grace]
  6908 | D:8      | Gained mutation: Your skin changes colour to match your
                  | surroundings (Stealth+). [Xom's grace]
  6908 | D:8      | Gained mutation: You expend magic power (3 MP) to
                  | strengthen your wands. [Xom's grace]
  7132 | D:8      | XOM: summons friendly shadow imp
  7154 | D:8      | Noticed a two-headed ogre
  7169 | D:8      | XOM: polymorph steam dragon -> boggart
  7170 | D:8      | Mangled by a two-headed ogre

Illustrated notes

Levels and vault maps discovered:
D:1:      denvon_arrival_waterhouse, layout_rooms,
          ebering_ecumenical_altar_abandoned, dreamdust_princess_bridge,
          bh_walls_and_bars
D:2:      layout_loops_cross, guppyfry_early_lair_pool
D:3:      layout_basic, patterned_corridor
D:4:      layout_basic, uniq_ijyb
D:5:      layout_loops_corners, temple_hall, serial_shops, shop,
          nicolae_ossuary_entry_plus
D:6:      layout_loops_corners, mainiacjoe_overflow_six_doors_small,
          serial_bayou_crossing, uniq_grinder
D:7:      layout_cave_pools, serial_shops, nicolae_shop_stone,
          gammafunk_ghost_berserking_beasts
D:8:      minmay_chambers_of_fours, layout_loops_ring

Skill      XL: |  1  2  3  4  5  6  7  8  9 10 |
---------------+-------------------------------+-----
Invocations    | 1 2 3 4 5 |  5.6
Short Blades   | 1 2 3 4 5 |  5.1
Long Blades    | 1 2 3 4 5 |  5.1
Axes           | 1 2 3 4 5 |  5.1
Polearms       | 1 2 3 4 5 |  5.1
Staves         | 1 2 3 4 5 |  5.1
Slings         | 1 2 3 4 5 |  5.1
Bows           | 1 2 3 4 5 |  5.1
Crossbows      | 1 2 3 4 5 |  5.1
Throwing       | 1 2 3 4 5 |  5.1
Stealth        | 1 2 3 4 5 |  5.1
Shields        | 1 2 3 4 5 |  5.1
Unarmed Combat | 1 2 3 4 5 |  5.1
Spellcasting   | 1 2 3 4 5 |  5.1
Evocations     | 1 2 3 4 5 |  5.1
Conjurations   | 1 2 3 4 |  4.2
Hexes          | 1 2 3 4 |  4.2
Summonings     | 1 2 3 4 |  4.2
Necromancy     | 1 2 3 4 |  4.2
Translocations | 1 2 3 4 |  4.2
Transmutations | 1 2 3 4 |  4.2
Fire Magic     | 1 2 3 4 |  4.2
Ice Magic      | 1 2 3 4 |  4.2
Air Magic      | 1 2 3 4 |  4.2
Earth Magic    | 1 2 3 4 |  4.2
Poison Magic   | 1 2 3 4 |  4.2
Dodging        | 3 4 5 |  5.8
Armour         | 5 6 |  6.9
Fighting       | 7 8 |  8.4
Maces & Flails | 7 8 |  8.4

Action                   |  1- 3 |  4- 6 |  7- 9 | 10-12 || total
-------------------------+-------+-------+-------+-------++-------
Melee: Mace              |    54 |       |   118 |       ||   172
       Bite              |    12 |     8 |    38 |    12 ||    70
       Dagger            |    46 |   112 |   166 |    43 ||   367
       Punch             |     1 |     1 |    12 |     1 ||    15
 Fire: Hunting sling     |     8 |    55 |       |       ||    63
       Hand crossbow     |       |    21 |   134 |    18 ||   173
Throw: Stone             |    19 |     1 |       |       ||    20
Evoke: Piece from Xom's  |    15 |     5 |    16 |     1 ||    37
  Use: Potion            |       |     5 |       |       ||     5
       Scroll            |       |     9 |     6 |       ||    15
 Stab: Paralysed         |     3 |       |     1 |       ||     4
       Petrified         |       |     2 |     3 |       ||     5
       Petrifying        |       |     2 |       |       ||     2
       Confused          |       |       |     2 |     1 ||     3
Armor: Leather armour    |    32 |    19 |       |       ||    51
       Skin              |       |    23 |       |       ||    23
       Chain mail        |       |    19 |   258 |    26 ||   303
Dodge: Dodged            |    45 |    51 |   118 |    15 ||   229

Table legend: (Time is in decaauts)
 A = Elapsed time spent in this place.
 B = Non-inter-level travel time spent in this place.
 C = Inter-level travel time spent in this place.
 D = Time resting spent in this place.
 E = Time spent auto-exploring this place.
 F = Levels seen in this place.
 G = Mean time per level.
                   A        B        C        D        E       F      G
               +--------+--------+--------+--------+--------+-----+--------+
         Total |   7231 |   6983 |    248 |    178 |   4758 |   9 |  803.4 |
       Dungeon |   6728 |   6480 |    248 |    166 |   4719 |   8 |  841.0 |
       Ossuary |    502 |    502 |      0 |     12 |     39 |   1 |  502.0 |
               +--------+--------+--------+--------+--------+-----+--------+

Top non-repeatable levels by time:
     D:3: 1012 daAuts
     D:6: 1011 daAuts
     D:1: 946 daAuts
     D:5: 938 daAuts
     D:8: 854 daAuts
     D:4: 786 daAuts
     D:2: 686 daAuts
 Ossuary: 502 daAuts
     D:7: 494 daAuts
